 Dungeon Crawl Stone Soup version 0.22-a0-398-g8bb545f (webtiles) character file.

201 iamserjio the Grave Robber (level 5, -1/35 HPs)
             Began as a Mummy Necromancer on May 5, 2018.
             Slain by Tungsten's ghost (13 damage)
             ... on level 3 of the Dungeon.
             The game lasted 00:07:04 (4884 turns).

iamserjio the Grave Robber (Mummy Necromancer)      Turns: 4884, Time: 00:07:04

Health: -1/35      AC:  3    Str: 12    XL:     5   Next: 50%
Magic:  2/11       EV: 12    Int: 15    God:
Gold:   170        SH:  0    Dex: 12    Spells: 9/13 levels left

rFire    x . .     SeeInvis .   l - +3 dagger
rCold    + . .     Gourm    .   (no shield)
rNeg     + + +     Faith    .   a - +0 robe
rPois    ∞         Spirit   .   (no helmet)
rElec    .         Reflect  .   (no cloak)
rCorr    .         Harm     .   (no gloves)
MR       .....                  k - +0 pair of boots
Stlth    ++........             (no amulet)
HPRegen  0.11/turn              (no ring)
MPRegen  0.12/turn              (no ring)

@: no status effects
A: no food or potions, fire vulnerability, cold resistance 1, negative energy
resistance 3, torment resistance, unbreathing
a: no special abilities


You were on level 3 of the Dungeon.
You were not hungry.

You visited 1 branch of the dungeon, and saw 4 of its levels.

You collected 170 gold pieces.

Inventory:

Hand Weapons
 b - a +0 mace
 g - a +1 dagger of holy wrath
 l - a +3 dagger (weapon)
Armour
 a - a +0 robe (worn)
 k - a +0 pair of boots (worn)
Scrolls
 c - 5 scrolls of remove curse
 d - 2 scrolls of blinking
 e - 2 scrolls of immolation {unknown}
 f - 2 scrolls of teleportation {unknown}
 h - a scroll of enchant weapon {unknown}
 i - 2 scrolls of magic mapping {unknown}
 j - a scroll of random uselessness {unknown}


   Skills:
 - Level 1.5 Dodging
 - Level 1.5 Stealth
 + Level 4.5 Spellcasting
 * Level 6.1 Necromancy


You had 9 spell levels left.
You knew the following spells:

 Your Spells              Type           Power        Failure   Level  Hunger
a - Pain                  Necr           ###.         1%          1    N/A
b - Vampiric Draining     Necr           ###.......   4%          3    N/A

Dungeon Overview and Level Annotations

Branches:
Dungeon (4/15)
 Temple: D:4-7

Altars:

Annotations:
D:3 Tungsten's ghost, amateur NaFi


Innate Abilities, Weirdness & Mutations

You do not eat or drink.
Your flesh is vulnerable to fire.
You are immune to poison.
Your flesh is cold resistant. (rC+)
You are immune to negative energy. (rN+++)
You are immune to unholy pain and torment.
You can survive without breathing.


Message History

Casting: Pain (safe; 1% risk of failure)
Confirm with . or Enter, or press ? or * to list all spells.
Aiming: Pain (safe; 1% risk of failure)
Press: ? - help, Shift-Dir - straight line, f/p - gnoll
Aim: a gnoll, wielding a club (chance to defeat MR: 86%)
The gnoll writhes in agony!
The jackal barely misses you. The gnoll hits you with a club!
The gnoll misses you. The jackal bites you.
Casting: Pain (safe; 1% risk of failure)
Confirm with . or Enter, or press ? or * to list all spells.
Aiming: Pain (safe; 1% risk of failure)
Press: ? - help, Shift-Dir - straight line, f/p - gnoll
Aim: a gnoll, wielding a club (heavily wounded, chance to defeat MR: 86%)
The gnoll writhes in agony!
The jackal closely misses you. The gnoll barely misses you.
The gnoll hits you but does no damage. The jackal barely misses you.
The gnoll hits you but does no damage. The gnoll hits you with a club.
The jackal bites you.
You climb upwards.
Level annotation: Tungsten's ghost, amateur NaFi Tungsten's ghost hits you!
You die...

# ## .# #. .##.
#.# ... #.# ..?
#.###.# ##
#....g#<..#?
#..h@g......
#..W###...##
######...........
#.......†##.#####
#.##.#.### #
#.#.# #.#.# #.#.#
#.#.#


You could see Tungsten's ghost, 2 gnolls and a jackal.

Vanquished Creatures
  An orc priest (D:3)
  A worker ant (D:4)
  A gnoll (D:4)
  4 adders
  A howler monkey skeleton (D:4)
  An ooze (D:1)
  5 worms
  2 dart slugs (D:2)
  3 leopard geckos
  2 orcs (D:3)
  3 giant cockroaches
  9 hobgoblins
  5 jackals (D:2)
  6 kobolds
  A ball python (D:2)
  4 bats (D:2)
  3 frilled lizards (D:2)
  8 goblins
  11 rats
71 creatures vanquished.

Notes
Turn   | Place    | Note
-------+----------+-------------------------------------------
     0 | D:1      | iamserjio the Mummy Necromancer began the quest for the Orb.
     0 | D:1      | Reached XP level 1. HP: 13/13 MP: 4/4
   826 | D:1      | Reached XP level 2. HP: 16/19 MP: 0/6
  1668 | D:1      | Reached XP level 3. HP: 11/24 MP: 1/7
  2464 | D:2      | Reached skill level 5 in Necromancy
  2832 | D:2      | Reached XP level 4. HP: 18/30 MP: 1/9
  3179 | D:2      | Learned a level 3 spell: Vampiric Draining
  4550 | D:3      | Reached XP level 5. HP: 35/35 MP: 3/11
  4852 | D:3      | Noticed Tungsten's ghost (amateur NaFi)
  4870 | D:4      | Reached skill level 6 in Necromancy
  4884 | D:3      | Slain by Tungsten's ghost

Vault maps used:
D:1:      tarquinn_simple_flora_water_e, kennysheep_doodads
D:2:      first_ration, minmay_statues_item, minmay_tromino_i4
D:4:      chequers_temple_overflow_minitemple, minmay_temple_entry_glassed_door,
          serial_bayou_pond_d

Skill      XL: |  1  2  3  4  5 |
---------------+----------------+-----
Spellcasting   | 3 4 |  4.5
Necromancy     | 5 6 |  6.1
Dodging        | |  1.5
Stealth        | |  1.5

Action                   |  1- 3 |  4- 6 || total
-------------------------+-------+-------++-------
Melee: Mace              |    31 |     8 ||    39
       Dagger            |       |    11 ||    11
 Cast: Pain              |    83 |    80 ||   163
  Use: Scroll            |       |     2 ||     2
Armor: Robe              |    14 |     9 ||    23
Dodge: Dodged            |    57 |    27 ||    84

Table legend:
 A = Spawn XP
 B = Non-spawn XP
 C = Spawn XP percentage of total XP
 D = Spawn monster count
 E = Non-spawn monster count
 F = Spawn count percentage of total count
 G = Total turns spent on level
                    A         B        C        D         E        F      G
               +---------+---------+-------+---------+---------+-------+---------
         Total |       0 |     288 |   0.0 |       0 |      71 |   0.0 |  4884
               +---------+---------+-------+---------+---------+-------+---------
           D:1 |       0 |      43 |   0.0 |       0 |      16 |   0.0 |  1874
           D:2 |       0 |      65 |   0.0 |       0 |      33 |   0.0 |  1551
           D:3 |       0 |     121 |   0.0 |       0 |      19 |   0.0 |  1430
           D:4 |       0 |      59 |   0.0 |       0 |       3 |   0.0 |    29
               +---------+---------+-------+---------+---------+-------+---------
